 Dungeon Crawl Stone Soup version 0.24.0-13-gcf9b3192b9 (webtiles) character file.

Game seed: 4662182439317066546, levelgen mode: deterministic

347 Monsterracer the Ruffian (level 6, -3/52 HPs)
             Began as a Ghoul Venom Mage on Nov 7, 2019.
             Was an Initiate of Ru.
             Slain by a phantom (7 damage)
             ... on level 4 of the Dungeon.
             The game lasted 00:04:30 (3005 turns).

Monsterracer the Ruffian (Ghoul Venom Mage)         Turns: 3005, Time: 00:04:30

Health: -3/52      AC:  6    Str: 14    XL:     6   Next: 59%
Magic:  7/7        EV: 10    Int: 10    God:    Ru [......]
Gold:   101        SH:  0    Dex:  9    Spells: 8/8 levels left

rFire    . . .     SeeInvis .     - Unarmed
rCold    + + .     Gourm    .   (no shield)
rNeg     + + +     Faith    .   g - +0 ring mail
rPois    ∞         Spirit   .   (no helmet)
rElec    .         Reflect  .   (no cloak)
rCorr    .         Harm     .   n - +0 pair of gloves
MR       .....                  (no boots)
Stlth    +.........             (no amulet)
HPRegen  0.00/turn              C - ring of protection from cold
MPRegen  0.10/turn              (no ring)

@: rotting
A: rotting body, claws 1, carnivore, cold resistance 1, negative energy
resistance 3, inhibited regeneration, torment resistance, unbreathing, disrupted
magic 1
a: Renounce Religion


You were on level 4 of the Dungeon.
You worshipped Ru.
Ru was noncommittal.
You were not hungry.

You visited 1 branch of the dungeon, and saw 4 of its levels.

You collected 101 gold pieces.

Inventory:

Missiles
 h - 8 silver javelins (quivered)
Armour
 b - a cursed +0 cloak
   (You found it on level 3 of the Dungeon)
 g - a +0 ring mail (worn)
   (You found it on level 1 of the Dungeon)
 n - a +0 pair of gloves (worn)
   (You found it on level 2 of the Dungeon)
Jewellery
 C - a ring of protection from cold (left hand)
   (You found it on level 1 of the Dungeon)
Scrolls
 l - a scroll of enchant armour
 r - a scroll of remove curse
 t - 2 scrolls of teleportation {!r}
Potions
 k - a potion of resistance
 m - a potion of flight
Comestibles
 c - 4 rations


   Skills:
 + Level 3.8 Fighting
 + Level 0.3 Throwing
 - Level 1.7 Dodging
 - Level 2.1 Stealth
 * Level 5.6 Unarmed Combat
 - Level 1.7 Spellcasting
   Level 0.7 Conjurations
   Level 3.0 Poison Magic


You had 8 spell levels left.
You didn't know any spells.
Your spell library contained the following spells:

 Spells                   Type           Power        Failure   Level  Hunger
 Sting                    Conj/Pois      #...         38%         1    ##.....
 Poisonous Vapours        Pois/Air       #.....       56%         2    ###....
 Mephitic Cloud           Conj/Pois/Air  #.......     82%         3    ####...
 Olgreb's Toxic Radiance  Pois           #.......     92%         4    #####..
 Venom Bolt               Conj/Pois      #.........   100%        5    ######.


Dungeon Overview and Level Annotations

Branches:
Dungeon (4/15)
 Temple: D:4-7

Altars:
Cheibriados
Kikubaaqudgha
Nemelex Xobeh
Ru
Trog


Innate Abilities, Weirdness & Mutations

Your body is rotting away.
You thrive on raw meat.
You are immune to poison.
You have sharp fingernails.
You are carnivorous and can eat meat at any time.
Your flesh is cold resistant. (rC+)
You are immune to negative energy. (rN+++)
You do not regenerate when monsters are visible.
You are immune to unholy pain and torment.
You can survive without breathing.
Your casting is slightly disrupted.


Message History

The goblin shouts!
You hear a shout!
The goblin shoots a stone.
The stone hits you but does no damage.
Things that are here:
a stone; a cloak; a bat corpse
b - a cloak The goblin shoots a stone.
The stone barely misses you. 3 orc priests come into view.
The orc priest shouts!
A giant cockroach comes into view.
The goblin shoots a stone.
The stone hits you.
You see here a stone.
The orc priest shouts! x2
The orc barely misses you. The orc hits you with a +0 trident.
The orc priest calls down the wrath of Beogh upon you.
Beogh smites you!
The goblin shoots a stone.
The stone hits you but does no damage.
You see here a stone.
The orc priest looks satisfied for a moment.
The orc hits you but does no damage. The orc barely misses you.
The goblin shoots a stone.
The stone hits you.
You see here a stone.
You see here a stone.
Things that are here:
a stone; a bat corpse You see here a stone.
The orc priest looks encouraged for a moment.
The orc priest invokes the aid of Beogh against you.
Beogh smites you!
* * * LOW HITPOINT WARNING * * *
The orc priest invokes the aid of Beogh against you.
Beogh smites you!
* * * LOW HITPOINT WARNING * * *
The orc priest calls down the wrath of Beogh upon you.
Beogh smites you!
* * * LOW HITPOINT WARNING * * *
The orc priest miscasts a cantrip.
There is a stone staircase leading down here.
As you read the scroll labeled PUUSHR WIFAI, it crumbles to dust.
It is a scroll of amnesia.
Really abort (and waste the scroll)? [Y]es or [N]o only, please.
Really abort (and waste the scroll)?
Forget Sting, freeing 1 spell level for a total of 8?
Your memory of Sting unravels.
The orc closely misses you. The orc hits you with a +0 hand axe.
* * * LOW HITPOINT WARNING * * *
The orc priest looks satisfied for a moment.
The orc priest casts a cantrip, but nothing happens.
The orc barely misses you.
Unknown command.
Unknown command.
Okay, then.
The orc hits you with a +0 hand axe.
* * * LOW HITPOINT WARNING * * *
The orc barely misses you.
You climb downwards.
A worker ant and a phantom come into view.
The worker ant twitches its antennae in your direction.
Found a ring mail.
There is a stone staircase leading up here.
You feel better. The worker ant closely misses you.
The worker ant barely misses you.
Okay, then.
You aren't carrying any items that you can evoke.
You closely miss the worker ant. The worker ant closely misses you.
You barely miss the worker ant.
The worker ant bites you but does no damage.
You barely miss the worker ant. The worker ant barely misses you.
You hit the worker ant but do no damage.
The worker ant closely misses you.
You hit the worker ant.
The worker ant is lightly wounded.
The worker ant barely misses you.
You punch the worker ant!
The worker ant is severely wounded.
The worker ant bites you.
* * * LOW HITPOINT WARNING * * *
You hit the worker ant.
You kill the worker ant!
You hit the orc.
The orc is moderately wounded.
You hit the orc.
The orc is almost dead.
You punch the phantom!
The phantom is moderately damaged.
You punch the phantom!
The phantom is heavily damaged.
The phantom hits you.
* * * LOW HITPOINT WARNING * * *
You hit the phantom.
The phantom is heavily damaged.
The phantom hits you but does no damage.
You punch the phantom!
The phantom is severely damaged.
The phantom misses you.
You barely miss the phantom.
The phantom is severely damaged.
The phantom hits you!
You die...

#. #. #.# .. #.
#.## #..# #@#
###W######
#[.o......#
#.<.......#
...............#
.....#.........#
######.........#
#.........#
###########


You could see a phantom and an orc.

Vanquished Creatures
  A phantom (D:4)
  An orc wizard (D:2)
  An orc priest (D:3)
  2 worker ants (D:4)
  A gnoll (D:1)
  6 adders (D:2 D:4 D:3)
  2 oozes (D:3)
  A worm (D:2)
  3 dart slugs (D:1 D:2 D:3)
  2 leopard geckos (D:1 D:2)
  2 orcs (D:3)
  11 bats (D:1 D:2 D:3)
  5 goblins (D:1 D:2 D:3)
  7 hobgoblins (D:1 D:2 D:3)
  6 jackals (D:2)
  A quokka (D:4)
  4 ball pythons (D:1 D:2 D:3)
  7 frilled lizards (D:1 D:2 D:3)
  9 kobolds (D:1 D:2 D:3)
  6 rats (D:1 D:2 D:3)
78 creatures vanquished.

Vanquished Creatures (others)
  An ooze (D:3)
1 creature vanquished.

Grand Total: 79 creatures vanquished

Notes
Turn   | Place    | Note
-------+----------+-------------------------------------------
     0 | D:1      | Monsterracer the Ghoul Venom Mage began the quest for the
                  | Orb.
     0 | D:1      | Reached XP level 1. HP: 14/14 MP: 2/2
   195 | D:1      | Reached skill level 1 in Unarmed Combat
   276 | D:1      | Reached XP level 2. HP: 22/22 MP: 3/3
   405 | D:1      | HP: 10/22 [gnoll/+0 club (5)]
   407 | D:1      | HP: 3/22 [gnoll/+0 club (7)]
   410 | D:1      | Reached skill level 1 in Fighting
   547 | D:1      | Reached skill level 2 in Unarmed Combat
   601 | D:1      | Reached XP level 3. HP: 26/28 MP: 4/4
  1115 | D:2      | Found a sacrificial altar of Ru.
  1136 | D:2      | HP: 14/28 [orc wizard/+0 dagger (3)]
  1141 | D:2      | Reached skill level 3 in Unarmed Combat
  1141 | D:2      | Reached XP level 4. HP: 10/36 MP: 5/5
  1161 | D:2      | Became a worshipper of Ru the Awakened
  1389 | D:2      | HP: 12/36 [worm (8)]
  1687 | D:2      | Reached XP level 5. HP: 23/42 MP: 6/6
  1734 | D:2      | Found a snail-covered altar of Cheibriados.
  1836 | D:2      | Reached skill level 4 in Unarmed Combat
  2237 | D:3      | Gained mutation: Your casting is slightly disrupted. [Ru
                  | sacrifice]
  2497 | D:3      | Found a bloodstained altar of Trog.
  2497 | D:3      | Noticed an ogre
  2509 | D:4      | Found an ancient bone altar of Kikubaaqudgha.
  2676 | D:4      | Noticed a phantom
  2740 | D:4      | Killed a phantom
  2740 | D:4      | Reached skill level 5 in Unarmed Combat
  2740 | D:4      | Reached XP level 6. HP: 47/51 MP: 7/7
  2794 | D:3      | HP: 24/51 [orc priest/+0 war axe (6)]
  2800 | D:3      | HP: 11/51 [orc priest/+0 war axe (7)]
  2942 | D:3      | Found a sparkling altar of Nemelex Xobeh.
  2957 | D:3      | HP: 24/52 [orc priest/divine providence (10)]
  2971 | D:3      | HP: 4/52 [orc priest/divine providence (10)]
  2985 | D:3      | HP: 2/52 [orc/+0 hand axe (3)]
  2987 | D:4      | Noticed a phantom
  2997 | D:4      | HP: 9/52 [worker ant (2)]
  3002 | D:4      | HP: 4/52 [phantom (5)]
  3005 | D:4      | Slain by a phantom

Levels and vault maps discovered:
D:1:      dpeg_arrival_simpleton_b, layout_basic
D:2:      layout_loops_cross, nicolae_ru_great_annihilating_truth,
          nicolae_overflow_crystal_walls, first_ration
D:3:      layout_loops_ring, overflow_temple_1_default, elyvilon_altar_4,
          marbit_many_paths, guppyfry_early_orc_mine
D:4:      layout_rooms, lemuel_crystal_altar, dancing_weapons_uskayaw,
          kennysheep_little_box

Skill      XL: |  1  2  3  4  5 |
---------------+----------------+-----
Unarmed Combat | 1 2 3 5 |  5.6
Fighting       | 1 2 3 |  3.8
Throwing       | |  0.3
Dodging        | |  1.7
Stealth        | |  2.1
Spellcasting   | |  1.7
Conjurations   | |  0.7
Poison Magic   | |  3.0

Action                   |  1- 3 |  4- 6 || total
-------------------------+-------+-------++-------
Melee: Unarmed           |    89 |   240 ||   329
       Punch             |     1 |     3 ||     4
 Cast: Sting             |     3 |       ||     3
Invok: Sacrifice Essence |       |     1 ||     1
  Use: Scroll            |       |     8 ||     8
       Potion            |       |     1 ||     1
 Stab: Sleeping          |     3 |       ||     3
       Paralysed         |     2 |       ||     2
  Eat: Chunk             |     7 |    27 ||    34
Armor: Robe              |    16 |       ||    16
       Ring mail         |     6 |    89 ||    95
Dodge: Dodged            |    50 |   146 ||   196
